 Dungeon Crawl Stone Soup version 0.29.1-12-g30fa7ad0bf (webtiles) character file.

Game seed: 15301718408280188524

407 AsbestosFan the Cleaver (level 6, 0/78 HPs)
             Began as a Minotaur Berserker on Jan 17, 2023.
             Was a Priest of Trog.
             Slain by a centaur
             ... wielding a +1 vorpal war axe
              (2 damage)
             ... on level 4 of the Dungeon.
             The game lasted 00:45:13 (4650 turns).

AsbestosFan the Cleaver (Minotaur Berserker)        Turns: 4650, Time: 00:45:14

Health: 0/78       AC:  7    Str: 24    XL:     6   Next: 57%
Magic:  5/5        EV: 11    Int:  4    God:    Trog [***...]
Gold:   130        SH:  0    Dex:  9    Spells: 5/5 levels left

rFire   . . .      SeeInvis .   a - +0 hand axe
rCold   + . .      Faith    .   (no shield)
rNeg    . . .      Spirit   .   w - +0 ring mail
rPois   .          Reflect  .   (helmet restricted)
rElec   .          Harm     .   (no cloak)
rCorr   .          Rampage  .   k - +1 pair of gloves of Longaal {rC+}
Will    .....                   (no boots)
Stlth   ..........              (no amulet)
HPRegen 0.23/turn               (no ring)
MPRegen 0.09/turn               (no ring)

@: berserking, very quick
A: horns 2, retaliatory headbutt
a: Renounce Religion, Berserk, Trog's Hand


You were on level 4 of the Dungeon.
You worshipped Trog.
Trog was most pleased with you.
You visited 1 branch of the dungeon, and saw 4 of its levels.

You collected 234 gold pieces.
You spent 104 gold pieces at shops.

Inventory:

Hand Weapons
 a - a +0 hand axe (weapon)
Missiles
 g - 6 curare-tipped darts
 n - 7 poisoned darts (quivered)
Armour
 k - the +1 pair of gloves of Longaal (worn) {rC+}
   (You found it on level 2 of the Dungeon)

   rC:        It protects you from cold.
 u - a scarf of invisibility
 w - a +0 ring mail (worn)
Jewellery
 b - a ring of ice
 p - a ring of ice
Wands
 o - a wand of iceblast (8)
 q - a wand of polymorph (12)
Scrolls
 d - a scroll of blinking
 l - 3 scrolls of noise
 m - 2 scrolls of teleportation
 r - a scroll of enchant weapon
Potions
 c - 2 potions of haste
 e - 3 potions of degeneration
 f - a potion of brilliance
 h - 2 potions of magic
 i - 2 potions of attraction
 j - 3 potions of curing
 s - a potion of mutation
 t - a potion of cancellation {unknown}


   Skills:
 - Level 3.9 Fighting
 + Level 8.8 Axes
 - Level 2.5 Armour
 - Level 2.2 Dodging


You had 5 spell levels left.
You didn't know any spells.
Your spell library contained the following spells:

 Spells                   Type           Power      Damage    Failure   Level
 Animate Armour           Summ/Erth      0%         N/A       100%        4
 Blade Hands              Tmut           0%         N/A       100%        5
 Iron Shot                Conj/Erth      0%         9d1       100%        6


Dungeon Overview and Level Annotations

Branches:
Dungeon (4/15)
 Temple: D:4-7

Altars:
Trog
The Shining One

Shops:
D:1 (   D:2 *   D:3 *


Innate Abilities, Weirdness & Mutations

You have a pair of horns on your head.
You reflexively headbutt those who attack you in melee.


Message History

There is a stone staircase leading down here.
You feel yourself speed up.
You start resting.
You recover from your berserk rage.
You start resting.
HP restored.
You see here a +0 short sword of venom.
A centaur comes into view.
It is wielding a +1 vorpal war axe and carrying a wand of iceblast (9).
The centaur shouts!
The centaur unwields a +1 vorpal war axe.
The centaur wields a +0 shortbow.
The centaur shoots an arrow.
The arrow barely misses you.
The centaur shoots an arrow.
The arrow hits you!
The centaur shoots an arrow.
The arrow hits you.
The centaur shoots an arrow.
The arrow barely misses you.
The centaur zaps a wand.
The mass of ice explodes!
The iceblast engulfs you! You partially resist.
Things that are here:
a +0 dagger; a +0 robe; an orc corpse
Items here: )) [ †.
You hit the centaur but do no damage. Your headbutt misses the centaur.
The centaur unwields a +0 shortbow.
The centaur wields a +1 vorpal war axe.
The centaur hits you with a +1 vorpal war axe!
The centaur kicks you but does no damage.
A red film seems to cover your vision as you go berserk!
You feel yourself moving faster!
You feel mighty!
The centaur hits you with a +1 vorpal war axe.
* * * LOW HITPOINT WARNING * * *
x2 The centaur kicks you but does no damage.
The centaur hits you with a +1 vorpal war axe!
* * * LOW HITPOINT WARNING * * *
x2 The centaur closely misses you.
Press: ? - help, v - describe, . - travel
Here: a centaur, wielding a +1 vorpal war axe and carrying a wand of iceblast (8)
The floor.
You are too berserk!
You closely miss the centaur.
The centaur hits you with a +1 vorpal war axe!
* * * LOW HITPOINT WARNING * * *
You die...

# #. #.# #.# # #.
#.##.##.# #.# # #.
#.....#.# #.# #
##.##.....#.#####.# #
##...#.............###
###..........#.........†
.............#.#######.#
.......c.)..##.# #.#
#@)...##.# #####.#
#.)...##.# #......
###..###.# #.###.# #..#
#.# #.# #.# #..#
#.###.###.# #..#
#.........# ###..#
#####.##### #.###....#
#.# .......)># #.#


You could see a centaur.

Vanquished Creatures
  An ice beast (D:4)
  An ogre (D:4)
  2 hounds (D:4)
  An orc priest (D:4)
  An orc wizard (D:4)
  3 adders (D:2)
  3 worms
  A dart slug (D:1)
  3 orcs (D:4)
  6 ball pythons
  6 endoplasms
  7 giant cockroaches
  5 goblins
  8 hobgoblins
  5 jackals (D:1)
  7 quokkas
  3 bats
  10 frilled lizards
  6 kobolds
  5 rats
84 creatures vanquished.

Notes
Turn   | Place    | Note
-------+----------+-------------------------------------------
     0 | D:1      | AsbestosFan the Minotaur Berserker began the quest for the
                  | Orb.
     0 | D:1      | Reached XP level 1. HP: 19/19 MP: 0/0
   356 | D:1      | Found Nivow's Antique Weapon Boutique.
   409 | D:1      | Reached skill level 4 in Axes
   409 | D:1      | Reached XP level 2. HP: 27/27 MP: 1/1
   957 | D:1      | Reached ** piety under Trog
  1128 | D:1      | Reached XP level 3. HP: 32/33 MP: 2/2
  1470 | D:1      | Reached skill level 5 in Axes
  1977 | D:2      | Found Kaakk's General Store.
  1978 | D:2      | Identified the +1 pair of gloves of Longaal {rC+}
  2443 | D:2      | Identified the +0 robe "Xead" {rC+ rCorr}
  2523 | D:2      | Reached XP level 4. HP: 40/40 MP: 3/3
  2852 | D:2      | Reached skill level 6 in Axes
  3442 | D:3      | Found Cyat's General Store.
  3458 | D:3      | Bought a scroll of identify for 22 gold pieces
  3458 | D:3      | Bought a scroll of enchant weapon for 82 gold pieces
  3501 | D:3      | Found a glowing golden altar of the Shining One.
  3501 | D:3      | Found a bloodstained altar of Trog.
  3713 | D:3      | Reached *** piety under Trog
  3977 | D:4      | Reached XP level 5. HP: 46/46 MP: 4/4
  4219 | D:4      | Noticed an ogre
  4235 | D:4      | Killed an ogre
  4236 | D:4      | Reached skill level 7 in Axes
  4370 | D:4      | Noticed an ice beast
  4386 | D:4      | Killed an ice beast
  4387 | D:4      | Reached skill level 8 in Axes
  4387 | D:4      | Reached XP level 6. HP: 38/52 MP: 5/5
  4650 | D:4      | HP: 2/78 [centaur/+1 vorpal war axe (7)]
  4650 | D:4      | Slain by a centaur

Illustrated notes

Levels and vault maps discovered:
D:1:      dpeg_arrival_simpleton_b, layout_basic, serial_shops,
          nicolae_shop_statue_plus, minmay_lizard_pond
D:2:      minmay_inner_zag, layout_basic, serial_shops, shop,
          minmay_randomly_rotated_circles
D:3:      layout_rooms, gammafunk_temple_overflow_statue, serial_shops,
          nicolae_square_shop
D:4:      layout_loops_ring

Skill      XL: |  1  2  3  4  5 |
---------------+----------------+-----
Axes           | 4 5 6 8 |  8.8
Fighting       | |  3.9
Armour         | |  2.5
Dodging        | |  2.2

Action                   |  1- 3 |  4- 6 || total
-------------------------+-------+-------++-------
Melee: Hand axe          |   103 |    84 ||   187
       Headbutt          |     9 |    20 ||    29
       Punch             |     1 |       ||     1
Throw: Stone             |     3 |       ||     3
       Dart              |       |    22 ||    22
Invok: Berserk           |     1 |     4 ||     5
  Use: Scroll            |     9 |     9 ||    18
       Potion            |       |     1 ||     1
Armor: Animal skin       |    16 |       ||    16
       Ring mail         |       |    17 ||    17
       Robe              |       |     2 ||     2
Dodge: Dodged            |    61 |    37 ||    98
